TOP OF THE 1ST |
Montana Pandas batting - Pitching for Wizarding Express : RHP Roberto De La Cruz
|
Pitching: RHP Roberto De La Cruz
|
|
Batting: RHB Al Thomas
|
0-0: Called Strike 0-1: Ball 1-1: Ball 2-1: Ball 3-1: Foul Ball, location: 2F 3-2: Fly out, F8 (Flyball, 8RD)
|
Batting: LHB Thomas Campbell
|
0-0: Called Strike 0-1: Foul Ball, location: 2F 0-2: Ball 1-2: Ball 2-2: Strikes out swinging
|
Batting: RHB Jean Chamissa
|
0-0: Called Strike 0-1: Ball 1-1: Called Strike 1-2: Strikes out swinging
|
Top of the 1st over - 0 run(s), 0 hit(s), 0 error(s), 0 left on base; Montana 0 - Wizarding 0 |
BOTTOM OF THE 1ST |
Wizarding Express batting - Pitching for Montana Pandas : RHP Doug Green
|
Pitching: RHP Doug Green
|
|
Batting: LHB Nathan Tanner
|
0-0: Swinging Strike 0-1: Fly out, F1 (Popup, 13S)
|
Batting: RHB Pedro Cruz
|
0-0: Called Strike 0-1: Ball 1-1: DOUBLE (Flyball, 78D)
|
Batting: RHB Cole Shaffer
|
0-0: Ball 1-0: DOUBLE (Line Drive, 89M) Pedro Cruz scores
|
Batting: RHB Rafael Arredondo
|
0-0: Ball 1-0: Fly out, F9 (Flyball, 9S)
|
Batting: LHB Júlio Valentín
|
0-0: Ball 1-0: 2-RUN HOME RUN (Flyball, 9D), Distance : 388 ft
|
Batting: RHB António Martínez
|
0-0: Ground out 1-3 (Groundball, 23)
|
Bottom of the 1st over - 3 run(s), 3 hit(s), 0 error(s), 0 left on base; Montana 0 - Wizarding 3 |
TOP OF THE 2ND |
Montana Pandas batting - Pitching for Wizarding Express : RHP Roberto De La Cruz
|
Batting: RHB Raúl Delgado
|
0-0: Ground out 4-3 (Groundball, 4M)
|
Batting: RHB Rubén Marino
|
0-0: Foul Ball, location: 2F 0-1: Foul Ball, location: 2F 0-2: Ball 1-2: Strikes out swinging
|
Batting: LHB Francisco Ornelas
|
0-0: Fly out, F6 (Popup, 6D)
|
Top of the 2nd over - 0 run(s), 0 hit(s), 0 error(s), 0 left on base; Montana 0 - Wizarding 3 |
BOTTOM OF THE 2ND |
Wizarding Express batting - Pitching for Montana Pandas : RHP Doug Green
|
Batting: RHB Turner Coleman
|
0-0: SINGLE (Groundball, 15S) (infield hit)
|
Batting: RHB Júlio Gruzmán
|
0-0: Ground out 3-1 (Groundball, 34S) Turner Coleman to second
|
Batting: RHB Jay Parker
|
0-0: Foul Ball, location: 2F 0-1: Swinging Strike 0-2: Foul Ball, location: 2F 0-2: Ball 1-2: Ball 2-2: Ball 3-2: Strikes out swinging
|
Batting: LHB Nathan Tanner
|
0-0: Ball 1-0: Ground out 6-3 (Groundball, 6)
|
Bottom of the 2nd over - 0 run(s), 1 hit(s), 0 error(s), 1 left on base; Montana 0 - Wizarding 3 |
TOP OF THE 3RD |
Montana Pandas batting - Pitching for Wizarding Express : RHP Roberto De La Cruz
|
Batting: RHB Millard Watson
|
0-0: Foul Ball, location: 2F 0-1: Ground out 5-3 (Groundball, 56)
|
Batting: RHB Eduardo Sánchez
|
0-0: Called Strike 0-1: Swinging Strike 0-2: Ball 1-2: Strikes out swinging
|
Batting: LHB Dave Knight
|
0-0: Ground out 4-3 (Groundball, 4)
|
Top of the 3rd over - 0 run(s), 0 hit(s), 0 error(s), 0 left on base; Montana 0 - Wizarding 3 |
BOTTOM OF THE 3RD |
Wizarding Express batting - Pitching for Montana Pandas : RHP Doug Green
|
Batting: RHB Pedro Cruz
|
0-0: Foul Ball, location: 2F 0-1: Foul Ball, location: 2F 0-2: Ground out 4-3 (Groundball, 4M)
|
Batting: RHB Cole Shaffer
|
0-0: Ball 1-0: SINGLE (Flyball, 89S)
|
Batting: RHB Rafael Arredondo
|
0-0: Ground out 5-3 (Groundball, 5S) Cole Shaffer to second
|
Batting: LHB Júlio Valentín
|
0-0: Ground out 4-3 (Groundball, 4)
|
Bottom of the 3rd over - 0 run(s), 1 hit(s), 0 error(s), 1 left on base; Montana 0 - Wizarding 3 |
TOP OF THE 4TH |
Montana Pandas batting - Pitching for Wizarding Express : RHP Roberto De La Cruz
|
Batting: RHB Al Thomas
|
0-0: Called Strike 0-1: Ball 1-1: Swinging Strike 1-2: Ball 2-2: Strikes out swinging
|
Batting: LHB Thomas Campbell
|
0-0: Ball 1-0: Ground out 4-3 (Groundball, 4)
|
Batting: RHB Jean Chamissa
|
0-0: Foul Ball, location: 2F 0-1: Swinging Strike 0-2: Ball 1-2: Ball 2-2: Strikes out swinging
|
Top of the 4th over - 0 run(s), 0 hit(s), 0 error(s), 0 left on base; Montana 0 - Wizarding 3 |
BOTTOM OF THE 4TH |
Wizarding Express batting - Pitching for Montana Pandas : RHP Doug Green
|
Batting: RHB António Martínez
|
0-0: Called Strike 0-1: Fly out, F4 (Popup, 34D)
|
Batting: RHB Turner Coleman
|
0-0: Swinging Strike 0-1: Ball 1-1: Ball 2-1: Foul Ball, location: 2F 2-2: Strikes out looking
|
Batting: RHB Júlio Gruzmán
|
0-0: Foul Ball, location: 2F 0-1: Ball 1-1: Fly out, F9 (Flyball, 9S)
|
Bottom of the 4th over - 0 run(s), 0 hit(s), 0 error(s), 0 left on base; Montana 0 - Wizarding 3 |
TOP OF THE 5TH |
Montana Pandas batting - Pitching for Wizarding Express : RHP Roberto De La Cruz
|
Pitching: LHP Dave Davis
|
|
Batting: RHB Raúl Delgado
|
0-0: SINGLE (Line Drive, 7S)
|
Batting: RHB Rubén Marino
|
0-0: Ball 1-0: Ball 2-0: Fielders Choice at 2nd, 6-4 (Groundball, 6)
|
Batting: LHB Francisco Ornelas
|
0-0: Called Strike 0-1: Foul Ball, location: 2F 0-2: Strikes out swinging
|
Batting: RHB Millard Watson
|
0-0: Foul Ball, location: 2F 0-1: Ball 1-1: Ball 2-1: Called Strike 2-2: 2-RUN HOME RUN (Flyball, 7LD), Distance : 362 ft
|
Batting: RHB Eduardo Sánchez
|
0-0: Called Strike 0-1: DOUBLE (Line Drive, 9LM)
|
Batting: LHB Dave Knight
|
0-0: Called Strike 0-1: Foul Ball, location: 2F 0-2: Strikes out swinging
|
Top of the 5th over - 2 run(s), 3 hit(s), 0 error(s), 1 left on base; Montana 2 - Wizarding 3 |
BOTTOM OF THE 5TH |
Wizarding Express batting - Pitching for Montana Pandas : RHP Doug Green
|
Pitching: LHP José Rico
|
|
Batting: RHB Jay Parker
|
0-0: Ball 1-0: Ground out 6-3 (Groundball, 6M)
|
Batting: LHB Nathan Tanner
|
0-0: Called Strike 0-1: Called Strike 0-2: DOUBLE (Line Drive, 78M)
|
Batting: RHB Pedro Cruz
|
0-0: Ball 1-0: SINGLE (Groundball, 5D) Nathan Tanner to third Runner from 3rd tries for Home, SAFE, no throw or cutoff
|
Batting: RHB Cole Shaffer
|
0-0: Ball 1-0: Foul Ball, location: 2F 1-1: Swinging Strike 1-2: Fielders Choice at 2nd, 1-4 (Groundball, 13S)
|
Batting: RHB Rafael Arredondo
|
0-0: Ball 1-0: Ball 2-0: Fly out, F9 (Flyball, 9S)
|
Bottom of the 5th over - 1 run(s), 2 hit(s), 0 error(s), 1 left on base; Montana 2 - Wizarding 4 |
TOP OF THE 6TH |
Montana Pandas batting - Pitching for Wizarding Express : LHP Dave Davis
|
Pitching: RHP Ed McWhannell
|
|
Batting: RHB Al Thomas
|
0-0: Ball 1-0: Called Strike 1-1: Ball 2-1: Ground out 1-3 (Groundball, 15)
|
Batting: LHB Thomas Campbell
|
0-0: Ground out U3 (Groundball, 3S)
|
Batting: RHB Jean Chamissa
|
0-0: Called Strike 0-1: Swinging Strike 0-2: Foul Ball, location: 2F 0-2: Strikes out swinging
|
Top of the 6th over - 0 run(s), 0 hit(s), 0 error(s), 0 left on base; Montana 2 - Wizarding 4 |
BOTTOM OF THE 6TH |
Wizarding Express batting - Pitching for Montana Pandas : LHP José Rico
|
Batting: LHB Júlio Valentín
|
0-0: Called Strike 0-1: SINGLE (Line Drive, 56D)
|
Batting: RHB António Martínez
|
0-0: Sac Bunt - play at second, runner OUT! 3-6
|
Batting: RHB Turner Coleman
|
0-0: Ball 1-0: Called Strike 1-1: Fly out, F8 (Flyball, 8RM)
|
Batting: RHB Júlio Gruzmán
|
0-0: Foul Ball, location: 2F 0-1: Foul Ball, location: 2F 0-2: Ball 1-2: Foul Ball, location: 2F 1-2: Foul Ball, location: 2F 1-2: Ball António Martínez steals 2nd base 2-2: Foul Ball, location: 2F 2-2: Fly out, F7 (Popup, 78S)
|
Bottom of the 6th over - 0 run(s), 1 hit(s), 0 error(s), 1 left on base; Montana 2 - Wizarding 4 |
TOP OF THE 7TH |
Montana Pandas batting - Pitching for Wizarding Express : RHP Ed McWhannell
|
Batting: RHB Raúl Delgado
|
0-0: Ball 1-0: Ball 2-0: SINGLE (Line Drive, 6MD)
|
Batting: RHB Rubén Marino
|
0-0: Ball 1-0: Swinging Strike 1-1: Swinging Strike 1-2: Foul Ball, location: 2F 1-2: Foul Ball, location: 2F 1-2: DOUBLE (Line Drive, 8LM) Raúl Delgado to third Runner from 3rd tries for Home, SAFE, no throw or cutoff
|
Batting: LHB Francisco Ornelas
|
0-0: Ball 1-0: Called Strike 1-1: Fly out, F8 (Flyball, 78S)
|
Batting: RHB Millard Watson
|
0-0: Ball 1-0: Foul Ball, location: 2F 1-1: Fly out, F6 (Popup, 6)
|
Batting: RHB Eduardo Sánchez
|
0-0: Called Strike 0-1: Called Strike 0-2: Strikes out swinging
|
Top of the 7th over - 1 run(s), 2 hit(s), 0 error(s), 1 left on base; Montana 3 - Wizarding 4 |
BOTTOM OF THE 7TH |
Wizarding Express batting - Pitching for Montana Pandas : LHP José Rico
|
Batting: RHB Jay Parker
|
0-0: Ball 1-0: Fly out, F3 (Line Drive, 3)
|
Pinch Hitting: SHB Emílio Gonzáles
|
0-0: Foul Ball, location: 2F 0-1: Ball 1-1: Swinging Strike 1-2: Strikes out swinging
|
Batting: RHB Pedro Cruz
|
0-0: Ball 1-0: Fly out, F9 (Flyball, 9M)
|
Bottom of the 7th over - 0 run(s), 0 hit(s), 0 error(s), 0 left on base; Montana 3 - Wizarding 4 |
TOP OF THE 8TH |
Montana Pandas batting - Pitching for Wizarding Express : RHP Ed McWhannell
|
Now in CF: Kyung-chor Pang
|
|
Batting: LHB Dave Knight
|
0-0: Ball 1-0: Ball 2-0: Called Strike 2-1: Called Strike 2-2: Foul Ball, location: 2F 2-2: Ground out 4-3 (Groundball, 4)
|
Batting: RHB Al Thomas
|
0-0: SINGLE (Line Drive, 89S)
|
Pinch Hitting: RHB Chris Smith
|
0-0: Swinging Strike 0-1: Swinging Strike 0-2: Foul Ball, location: 2F 0-2: Foul Ball, location: 2F 0-2: Ball 1-2: Ball 2-2: Strikes out swinging
|
Pinch Hitting: LHB Chris Gregory
|
0-0: Ground out 4-3 (Groundball, 4)
|
Top of the 8th over - 0 run(s), 1 hit(s), 0 error(s), 1 left on base; Montana 3 - Wizarding 4 |
TOP OF THE 9TH |
Montana Pandas batting - Pitching for Wizarding Express : RHP Ed McWhannell
|
Pitching: RHP Jackson Haines
|
|
Now at 1B: Dave Lee
|
|
Now in RF: Manuel González
|
|
Pinch Hitting: RHB Iván Pérez
|
0-0: Fly out, F5 (Line Drive, 5)
|
Pinch Hitting: LHB Luis Costello
|
0-0: Fly out, F5 (Popup, 5L)
|
Pinch Hitting: LHB Andrés Ibarra
|
0-0: Fly out, F1 (Line Drive, 13)
|
Top of the 9th over - 0 run(s), 0 hit(s), 0 error(s), 0 left on base; Montana 3 - Wizarding 5 |
|